 Dungeon Crawl Stone Soup version 0.31-a0-1002-g8e65716e6e (webtiles) character file.

Game seed: 6515929184546085920

122928 stifikn the Severer (level 16, -9/104 HPs)
             Began as a Gargoyle Fighter on Nov 9, 2023.
             Was a High Priest of Okawaru.
             Mangled by an alligator snapping turtle (22 damage)
             ... on level 1 of the Shoals.
             The game lasted 00:45:29 (16271 turns).

stifikn the Severer (Gargoyle Fighter)             Turns: 16271, Time: 00:45:29

Health: -9/104     AC: 53    Str: 26    XL:     16   Next: 89%
Magic:  16/23      EV:  8    Int:  6    God:    Okawaru [*****.]
Gold:   1046       SH:  7    Dex: 12    Spells: 15/15 levels left

rFire   + + .        y - +8 mithril axe "Arga" {speed, Will+}
rCold   + + .        f - +0 buckler of Tulips {rElec rC+ rCorr Int-5}
rNeg    + + +        F - +9 crystal plate armour of an ossuary {Dex+3}
rPois   ∞            r - +0 hat {Stlth+}
rElec   +            K - scarf {repulsion}
rCorr   +            D - +2 pair of gloves
SInv    .            k - +1 pair of boots
Will    +....        R - amulet of Pokuck {Faith rPois rF+ Int+3 Slay+2} Stlth
                     G - ring of protection from fire
HPRegen 0.37/turn    J - ring "Faumudik" {Fly rC+ rN+++ Will- Int-3}
MPRegen 0.18/turn

%: repel missiles, faith
@: heroic, finesse-ful, flying
A: sickness immunity, AC +12, big wings, negative energy resistance 1,
electricity resistance, torment resistance 1, petrification resistance
a: Renounce Religion, Heroism, Finesse, Duel


You were on level 1 of the Shoals.
You worshipped Okawaru.
Okawaru was extremely pleased with you.
You visited 4 branches of the dungeon, and saw 18 of its levels.
You also visited: Sewer and Gauntlet.

You collected 1046 gold pieces.

Inventory:

Hand Weapons
 c - the +7 battleaxe "Killer Klown's Foe" {speed, SInv}
   (You found it on level 9 of the Dungeon)

   SInv:      It lets you see invisible.
 y - the +8 mithril axe "Arga" (weapon) {speed, Will+}
   (Okawaru gifted it to you on level 2 of the Lair of Beasts)

   Will+:     It increases your willpower.
 N - the +6 battleaxe of Xom's Favour {antimagic, rPois}
   (You found it on level 9 of the Dungeon)

   rPois:     It protects you from poison
Missiles
 L - 11 silver javelins
Armour
 a - a +1 cloak of poison resistance
 f - the +0 buckler of Tulips (worn) {rElec rC+ rCorr Int-5}
   (You took it off a minotaur in a Gauntlet)

   Int-5:     It affects your intelligence (-5).
   rC+:       It protects you from cold.
   rElec:     It insulates you from electricity.
   rCorr:     It protects you from acid and corrosion.
 i - an orb of light
 k - a +1 pair of boots (worn)
 r - a +0 hat of stealth (worn)
 D - a +2 pair of gloves (worn)
 F - the +9 crystal plate armour of an ossuary (worn) {Dex+3}
   (Okawaru gifted it to you on level 2 of the Lair of Beasts)

   Dex+3:     It affects your dexterity (+3).
 K - a scarf of repulsion (worn)
 Q - a +2 ring mail of cold resistance
Jewellery
 b - a +4 ring of slaying
 G - a ring of protection from fire (left hand)
 J - the ring "Faumudik" (right hand) {Fly rC+ rN+++ Will- Int-3}
   (You found it on level 9 of the Dungeon)

   [ring of protection from cold]

   Int-3:     It affects your intelligence (-3).
   rC+:       It protects you from cold.
   rN+++:     It renders you almost immune to negative energy.
   Will-:     It decreases your willpower.
   Fly:       It grants you flight.
 R - the amulet of Pokuck (around neck) {Faith rPois rF+ Int+3 Slay+2}
   (You found it in a Gauntlet)

   [amulet of faith]

   Faith:     It allows you to gain divine favour quickly.
   Int+3:     It affects your intelligence (+3).
   Slay+2:    It affects your accuracy & damage with ranged weapons and melee
   (+2).
   rF+:       It protects you from fire.
   rPois:     It protects you from poison
 T - a ring of willpower
Wands
 m - a wand of polymorph (8)
 p - a wand of digging (5)
 I - a wand of iceblast (4)
 Y - a wand of mindburst (6)
Scrolls
 g - 2 scrolls of blinking
 j - 3 scrolls of immolation
 o - a scroll of fog
 z - 2 scrolls of enchant armour
 A - a scroll of revelation
 E - 2 scrolls of enchant weapon
 O - a scroll of brand weapon
 P - a scroll of fear
 S - a scroll of amnesia
 Z - 3 scrolls of vulnerability
Potions
 d - 2 potions of might
 e - 3 potions of heal wounds
 h - 3 potions of brilliance
 l - 3 potions of ambrosia
 n - 5 potions of magic
 q - 4 potions of lignification
 s - 6 potions of mutation
 t - 6 potions of haste
 u - 7 potions of invisibility
 v - a potion of cancellation
 w - 7 potions of curing
 x - 2 potions of resistance
 W - a potion of attraction


   Skills:
 + Level 13.3(18.3) Fighting
 + Level 17.0(22.0) Axes
 * Level 13.4(18.4) Armour
 - Level 0.2(5.2) Dodging
 + Level 1.5(6.5) Stealth
 * Level 8.8(13.8) Shields
 + Level 0.2(5.2) Unarmed Combat
 - Level 9.9 Invocations


You had 15 spell levels left.
You didn't know any spells.
Your spell library contained the following spells:

 Spells                   Type           Power      Damage    Failure   Level
 Freeze                   Ice            0%         1d3       100%        1
 Magic Dart               Conj           0%         1d3       100%        1
 Static Discharge         Conj/Air       0%         3-3/arc   100%        2
 Frozen Ramparts          Ice            0%         1d1       100%        3
 Hailstorm                Conj/Ice       0%         3d3       100%        3
 Ignite Poison            Fire/Tmut/Pois 0%         N/A       100%        3
 Mephitic Cloud           Conj/Pois/Air  0%         N/A       100%        3
 Airstrike                Air            0%         2d(0-16)  100%        4
 Cause Fear               Hex            0%         N/A       100%        4
 Leda's Liquefaction      Hex/Erth       0%         N/A       100%        4
 Petrify                  Tmut/Erth      0%         N/A       100%        4
 Alistair's Intoxication  Tmut/Pois      0%         N/A       100%        5
 Borgnjor's Vile Clutch   Necr/Erth      0%         N/A       100%        5
 Fireball                 Conj/Fire      0%         3d3       100%        5
 Freezing Cloud           Conj/Ice/Air   0%         6-21      100%        5
 Lee's Rapid Deconstruct  Erth           0%         3d4*      100%        5
 Metabolic Englaciation   Hex/Ice        0%         N/A       100%        5
 Bombard                  Conj/Erth      0%         9d1       100%        6
 Eringya's Noxious Bog    Tmut/Pois      0%         4d6       100%        6
 Ignition                 Fire           0%         3d3       100%        8
 Call Imp                 Summ           Unusable   N/A       N/A         2
 Cigotuvi's Dreadful Rot  Necr/Pois/Air  Unusable   N/A       N/A         2
 Call Canine Familiar     Summ           Unusable   N/A       N/A         3
 Summon Lightning Spire   Summ/Air       Unusable   N/A       N/A         4
 Spellforged Servitor     Conj/Summ      Unusable   N/A       N/A         7
 Summon Horrible Things   Summ           Unusable   N/A       N/A         8
 Dragon's Call            Summ           Unusable   N/A       N/A         9

Dungeon Overview and Level Annotations

Branches:
Dungeon (11/15)            Temple (1/1) D:7            Lair (5/5) D:11
 Shoals (1/4) Lair:3       Spider (0/4) Lair:2        Slime (0/5) Lair:4
    Orc (0/2) D:10          Sewer (visited)         Gauntlet (visited)

Altars:
Ashenzari
Cheibriados
Dithmenos
Elyvilon
Fedhas
Gozag
Hepliaklqana
Kikubaaqudgha
Makhleb
Nemelex Xobeh
Okawaru
Qazlal
Ru
Sif Muna
Trog
Uskayaw
Vehumet
Wu Jian
Xom
Yredelemnul
Zin
The Shining One

Shops:
D:6 (:

Annotations:
D:9 Jeremiah


Innate Abilities, Weirdness & Mutations

You are immune to sickness and miasma.
Your stone body is resilient. (AC +12)
You are immune to poison.
Your large and strong wings let you fly.
You resist negative energy. (rN+)
You are resistant to electric shocks. (rElec)
You are resistant to unholy torment.
You are immune to petrification.


Message History

The merfolk avatar chants its luring song.
The merfolk avatar chants its luring song.
The alligator snapping turtle bites you but does no damage.
You barely miss the merfolk avatar.
You slash the alligator snapping turtle!
You slice the merfolk avatar!!
The merfolk avatar is moderately wounded.
You hit the alligator snapping turtle but do no damage.
You slice the merfolk avatar!!
The merfolk avatar is severely wounded.
You completely miss the alligator snapping turtle.
You slash the merfolk avatar!
The merfolk avatar is almost dead.
You hit the alligator snapping turtle but do no damage.
The alligator snapping turtle bites you but does no damage.
You barely miss the merfolk avatar.
The merfolk avatar is almost dead.
You hit the alligator snapping turtle.
The merfolk avatar chants its luring song.
You slash the merfolk avatar!
You break out of your daze!
You kill the merfolk avatar!
Okawaru accepts your kill.
You hit the alligator snapping turtle but do no damage.
You slice the alligator snapping turtle!!
The alligator snapping turtle is moderately wounded.
The alligator snapping turtle bites you but does no damage.
You hit the alligator snapping turtle.
The alligator snapping turtle is moderately wounded.
You slash the alligator snapping turtle!
The alligator snapping turtle is heavily wounded.
The alligator snapping turtle bites you but does no damage.
You hit the alligator snapping turtle but do no damage.
The alligator snapping turtle is heavily wounded.
You slash the alligator snapping turtle!
The alligator snapping turtle is heavily wounded.
You slice the alligator snapping turtle!!
The alligator snapping turtle is severely wounded.
The alligator snapping turtle bites you!!
You die...

.~~~~~~~≈≈≈≈≈≈≈≈≈≈≈≈≈≈
.~~~~~~~~~≈≈≈≈≈≈≈≈≈≈≈≈≈
.~~~~~~~~~~~≈≈≈≈≈≈≈≈≈~~~
.~~~~≈≈~~~~~≈≈≈≈≈≈≈≈~~~~
.~~~≈≈≈~.~~~~≈≈≈≈≈≈≈≈~~.
..≈~~≈~≈≈.~~~~≈≈≈≈≈≈≈~..
..~≈~≈≈~~.~~~~≈≈≈≈≈≈~~..
..~~≈≈≈@≈t~~~~~≈≈≈≈≈≈~~.
...≈~~≈≈t.~>~~~)≈≈≈≈≈~~.
....≈~≈...~~~~))≈≈≈≈≈~~~
..........~~~~~)≈≈≈≈≈~~~
..#.......~~~~~~≈≈≈≈≈≈~~
^ #.....~~~~~~~~≈≈≈≈≈≈≈~
......~~~~~~~~≈≈≈≈≈≈≈≈≈
~~~~..~~~~~~~≈≈≈≈≈≈≈≈≈~
~~~~~~~~~~~≈≈≈≈≈≈≈≈≈≈~


You could see 2 alligator snapping turtles.

Vanquished Creatures
  A minotaur (Gauntlet)
  Snorg (Lair:4)
  4 hydras
  A great orb of eyes (D:9)
  An alligator snapping turtle (Shoals:1)
  2 merfolk avatars
  10 death yaks (Lair:5)
  A two-headed ogre (D:10)
  2 death scarabs (Gauntlet)
  5 skysharks
  A fire crab (Lair:4)
  4 sea snakes
  An arcanist (D:9)
  A spectral hydra (Gauntlet)
  A deep elf pyromancer (D:9)
  6 manticores
  4 fauns (Shoals:1)
  10 harpies
  4 cyclopes
  Joseph (D:7)
  3 merfolk sirens (Shoals:1)
  12 elephants
  A black mamba (Lair:4)
  Maggie (D:9)
  16 cane toads
  2 unseen horrors (D:11)
  A kobold demonologist (D:10)
  Psyche (D:10)
  2 rime drakes
  An efreet (Gauntlet)
  8 komodo dragons
  A freezing wraith (D:9)
  3 trolls
  A merfolk (Shoals:1)
  A hornet (D:9)
  A polar bear (Lair:3)
  A wind drake (Shoals:1)
  13 blink frogs
  A snapping turtle (Lair:3)
  2 spectral black mambas (Gauntlet)
  3 wraiths
  A water elemental (Lair:3)
  A fire elemental (Gauntlet)
  5 wyverns
  A hog (shapeshifter) (D:9)
  13 yaks
  5 basilisks
  4 redbacks (Lair:2)
  Grum (D:10)
  5 vampire mosquitoes
  Edmund (D:5)
  A spectral cane toad (Gauntlet)
  2 acid dragons
  12 water moccasins
  3 hell hounds (Gauntlet)
  5 orc warriors
  3 black bears
  21 wolves
  4 centaurs
  7 kobold brigands
  2 gnoll sergeants
  6 bullfrogs
  A scorpion (D:7)
  5 wights (D:8)
  11 killer bees
  An electric eel (D:11)
  4 howler monkeys
  5 jellies
  5 hounds
  8 orc priests
  3 gnoll boudas
  Terence (D:3)
  An iguana (D:4)
  10 orc wizards
  7 hell rats (Lair:2)
  Robin (D:4)
  21 gnolls
  9 adders
  A white imp (D:7)
  2 ufetubi (D:6)
  4 worms
  5 dart slugs
  43 orcs
  7 bats
  3 endoplasms
  5 giant cockroaches
  20 goblins
  8 hobgoblins
  38 kobolds
  5 quokkas
  14 ball pythons
  3 frilled lizards
  A goblin zombie (D:4)
  14 rats
  A rat zombie (D:4)
  A spectral orc (D:10)
507 creatures vanquished.

Vanquished Creatures (others)
  A harpy (Shoals:1)
1 creature vanquished.

Grand Total: 508 creatures vanquished

Notes
Turn   | Place    | Note
-------+----------+-------------------------------------------
     0 | D:1      | stifikn the Gargoyle Fighter began the quest for the Orb.
     0 | D:1      | Reached XP level 1. HP: 14/14 MP: 1/1
   104 | D:1      | Reached XP level 2. HP: 19/19 MP: 2/2
   337 | D:1      | Reached XP level 3. HP: 24/24 MP: 3/3
   435 | D:1      | Reached skill level 2 in Axes
   673 | D:2      | Found a stormy altar of Qazlal.
  1021 | D:2      | Reached XP level 4. HP: 29/29 MP: 4/4
  1374 | D:3      | Found a glowing drain.
  1374 | D:3      | Noticed Terence
  1394 | D:3      | Killed Terence
  1395 | D:3      | Reached skill level 3 in Axes
  1405 | Sewer    | Entered a sewer
  1433 | Sewer    | Noticed a kobold brigand
  1442 | Sewer    | Killed a kobold brigand
  1443 | Sewer    | Reached XP level 5. HP: 26/33 MP: 5/5
  1513 | Sewer    | Noticed a kobold brigand
  1523 | Sewer    | Killed a kobold brigand
  1524 | Sewer    | Reached skill level 4 in Axes
  1524 | Sewer    | Reached XP level 6. HP: 27/39 MP: 6/6
  1735 | D:3      | Found a faded altar of an unknown god.
  2635 | D:4      | Found a stormy altar of Qazlal.
  2641 | D:4      | Noticed Robin
  2650 | D:4      | Killed Robin
  2938 | D:4      | Reached skill level 5 in Axes
  2950 | D:4      | Reached XP level 7. HP: 32/44 MP: 7/7
  3051 | D:4      | Identified the staff "Poleil" {rElec rN+ Air}
  3172 | D:4      | Found a radiant altar of Vehumet.
  3546 | D:4      | Reached skill level 5 in Armour
  4080 | D:5      | Entered Level 5 of the Dungeon
  4115 | D:5      | Noticed Edmund
  4129 | D:5      | Killed Edmund
  4130 | D:5      | Reached skill level 5 in Fighting
  4196 | D:5      | Reached skill level 6 in Axes
  4388 | D:5      | Reached XP level 8. HP: 16/50 MP: 8/8
  4961 | D:6      | Found Nowuirim's Book Shoppe.
  4998 | D:6      | Found Caqamayh's Antique Weapon Shoppe.
  5411 | D:6      | Reached skill level 7 in Axes
  5474 | D:6      | Found an opulent altar of Gozag.
  5474 | D:6      | Found a hide-covered altar of Uskayaw.
  5788 | D:7      | Found a glowing golden altar of the Shining One.
  6083 | D:7      | Found a staircase to the Ecumenical Temple.
  6150 | D:7      | Reached skill level 1 in Stealth
  6203 | Temple   | Entered the Ecumenical Temple
  6221 | Temple   | Became a worshipper of Warmaster Okawaru
  6306 | D:7      | Noticed Joseph
  6430 | D:7      | Found a white marble altar of Elyvilon.
  6451 | D:7      | Found an ornate altar of the Wu Jian Council.
  6464 | D:7      | Reached XP level 9. HP: 55/55 MP: 9/9
  6507 | D:7      | Killed Joseph
  6507 | D:7      | Reached * piety under Okawaru
  6508 | D:7      | Reached skill level 8 in Axes
  6733 | D:8      | Reached skill level 1 in Invocations
  6842 | D:8      | Reached skill level 9 in Axes
  6847 | D:8      | Reached ** piety under Okawaru
  6937 | D:8      | Reached XP level 10. HP: 52/63 MP: 12/12
  7015 | D:8      | Reached skill level 10 in Axes
  7213 | D:8      | Found a blossoming altar of Fedhas.
  7588 | D:9      | Found a shadowy altar of Dithmenos.
  7647 | D:9      | Reached *** piety under Okawaru
  7771 | D:9      | Noticed a manticore
  7784 | D:9      | HP: 3/64 [manticore (8)]
  7785 | D:9      | Killed a manticore
  7786 | D:9      | Reached skill level 5 in Invocations
  7851 | D:9      | Noticed a cyclops
  7857 | D:9      | Killed a cyclops
  7905 | D:9      | Noticed a great orb of eyes
  7923 | D:9      | Killed a great orb of eyes
  7923 | D:9      | Reached **** piety under Okawaru
  7924 | D:9      | Reached skill level 11 in Axes
  7924 | D:9      | Reached XP level 11. HP: 51/68 MP: 13/15
  7959 | D:9      | Identified the amulet "Ycoitaenet" {Faith Harm Will- SInv
                  | Stlth-}
  7961 | D:9      | Identified the ring "Faumudik" {Fly rC+ rN+++ Will- Int-3}
  8065 | D:9      | Noticed Maggie
  8080 | D:9      | Killed Maggie
  8110 | D:9      | Noticed an arcanist
  8117 | D:9      | Noticed a manticore
  8119 | D:9      | Noticed a cyclops
  8121 | D:9      | Noticed a deep elf pyromancer
  8136 | D:9      | Killed a manticore
  8138 | D:9      | Killed an arcanist
  8139 | D:9      | Noticed a cyclops
  8143 | D:9      | Killed a cyclops
  8144 | D:9      | Killed a deep elf pyromancer
  8149 | D:9      | Killed a cyclops
  8149 | D:9      | Reached ***** piety under Okawaru
  8150 | D:9      | Reached skill level 12 in Axes
  8253 | D:9      | Identified the staff of Intimidation {rC+ rCorr MP-9 Int-3
                  | Dex+6 Ice}
  8282 | D:9      | Identified the +6 battleaxe of Xom's Favour {antimagic,
                  | rPois}
  8333 | D:9      | Noticed Jeremiah
  8433 | D:9      | Identified the +4 plate armour "Roshok" {rElec Str+3}
  8456 | D:9      | Identified the +7 battleaxe "Killer Klown's Foe" {speed,
                  | SInv}
  8645 | D:9      | Found a bloodstained altar of Trog.
  8657 | D:10     | Entered Level 10 of the Dungeon
  8680 | D:10     | Found a staircase to the Orcish Mines.
  8754 | D:10     | Noticed a two-headed ogre
  8760 | D:10     | Killed a two-headed ogre
  8760 | D:10     | Received a gift from Okawaru
  8807 | D:10     | Noticed Grum
  8818 | D:10     | Killed Grum
  8882 | D:10     | Noticed Psyche
  8890 | D:10     | Killed Psyche
  8975 | D:10     | Found a hazy altar of Hepliaklqana.
  8994 | D:10     | Found an ancient bone altar of Kikubaaqudgha.
  9051 | D:10     | Reached XP level 12. HP: 76/76 MP: 17/17
  9511 | D:11     | Found a staircase to the Lair.
  9540 | D:11     | Reached skill level 13 in Axes
 10041 | D:11     | Received a gift from Okawaru
 10134 | D:11     | Found a glowing silver altar of Zin.
 10246 | Lair:1   | Entered Level 1 of the Lair of Beasts
 10258 | Lair:1   | Reached skill level 10 in Fighting
 11087 | Lair:1   | Reached skill level 14 in Axes
 11221 | Lair:2   | Reached ****** piety under Okawaru
 11222 | Lair:2   | Acquired the +9 crystal plate armour of an ossuary {Dex+3}
 11222 | Lair:2   | Received a gift from Okawaru
 11240 | Lair:2   | Acquired the +8 mithril axe "Arga" {speed, Will+}
 11240 | Lair:2   | Received a gift from Okawaru
 11240 | Lair:2   | Found the +8 mithril axe "Arga" {speed, Will+}
 11284 | Lair:2   | Noticed a six-headed hydra
 11300 | Lair:2   | Killed a 17-headed hydra
 11300 | Lair:2   | Received a gift from Okawaru
 11301 | Lair:2   | Reached XP level 13. HP: 42/83 MP: 19/19
 11374 | Lair:2   | Found a hole to the Spider Nest.
 12154 | Gauntlet | Identified the "Calud"
 12201 | Lair:3   | Reached skill level 10 in Armour
 12282 | Lair:3   | Found a gate leading to a gauntlet.
 12291 | Gauntlet | Entered a Gauntlet
 12291 | Gauntlet | Found a transporter.
 12300 | Gauntlet | Found a transporter.
 12317 | Gauntlet | Found a transporter.
 12321 | Gauntlet | Found a transporter.
 12342 | Gauntlet | Found a transporter.
 12352 | Gauntlet | Found a runed translucent door.
 12357 | Gauntlet | Found a transporter.
 12367 | Gauntlet | Found a transporter.
 12368 | Gauntlet | Found a transporter.
 12391 | Gauntlet | Found a transporter.
 12420 | Gauntlet | Found a transporter.
 12420 | Gauntlet | Found a transporter.
 12425 | Gauntlet | Found a transporter.
 12673 | Gauntlet | Identified the amulet of Pokuck {Faith rPois rF+ Int+3
                  | Slay+2}
 12714 | Gauntlet | Received a gift from Okawaru
 12760 | Gauntlet | Identified the +0 buckler of Tulips {rElec rC+ rCorr Int-5}
 12760 | Gauntlet | Noticed a minotaur
 12780 | Gauntlet | Killed a minotaur
 12910 | Gauntlet | Identified the +0 swamp dragon scales of the Charmed God
                  | {rPois Int+5}
 13097 | Lair:3   | Reached skill level 15 in Axes
 13512 | Lair:3   | Found a staircase to the Shoals.
 14029 | Lair:4   | Found a staircase to the Slime Pits.
 14211 | Lair:4   | Noticed Snorg
 14223 | Lair:4   | Killed Snorg
 14509 | Lair:5   | Entered Level 5 of the Lair of Beasts
 14517 | Lair:5   | Received a gift from Okawaru
 14563 | Lair:5   | Gained mutation: Your large and strong wings let you fly.
                  | [Gargoyle growth]
 14563 | Lair:5   | Reached XP level 14. HP: 36/91 MP: 16/21
 14705 | Lair:5   | Reached skill level 5 in Shields
 14837 | Lair:5   | Received a gift from Okawaru
 14897 | Lair:5   | Reached skill level 16 in Axes
 14899 | Lair:5   | Received a gift from Okawaru
 15395 | Lair:5   | Identified the amulet "Tuinij" {Faith rElec}
 15408 | Lair:5   | Reached XP level 15. HP: 97/97 MP: 22/22
 15409 | Lair:5   | Reached XP level 16. HP: 103/103 MP: 23/23
 15669 | Shoals:1 | Entered Level 1 of the Shoals
 15833 | Shoals:1 | Received a gift from Okawaru
 16214 | Arena    | Entered the Arena
 16215 | Arena    | Received a gift from Okawaru
 16254 | Shoals:1 | Reached skill level 17 in Axes
 16271 | Shoals:1 | Mangled by an alligator snapping turtle

Illustrated notes

Levels and vault maps discovered:
D:1:      roderic_crop_circles_arrival_small, layout_rooms, dk_noncrumbling_3,
          wad_floor_pattern_untrapped
D:2:      minmay_alternating_diamond, layout_loops_ring, basic_altar
D:3:      layout_loops_corners, shapermc_ecumenical_altar_mp_ritualfount,
          cheibrodos_sewer_entry_sluice, uniq_terence
D:4:      layout_basic, mainiacjoe_overflow_chevrons, lemuel_tele_altar,
          enter_ossuary_4, patterned_corridor, uniq_robin
D:5:      layout_basic, kennysheep_generic_room_3, uniq_edmund
D:6:      layout_basic, gammafunk_temple_overflow_wave, serial_shops, shop,
          shop, lightli_orcish_oven
D:7:      layout_loops_ring, mainiacjoe_overflow_surrounded_room,
          overflow_temple_1_default, elyvilon_altar_4,
          minmay_temple_entry_fiery, uniq_joseph
D:8:      layout_cave_pools, mainiacjoe_overflow_paths
D:9:      minmay_sliced_demisemicircle, layout_rooms, kennysheep_little_box,
          grunt_dithmenos_smoke_and_mirrors, minmay_the_grid_2x2
          [minmay_the_grid_minigrid_medium, minmay_the_grid_spikes,
          minmay_the_grid_pillar_ring, minmay_the_grid_prize_trominoes],
          uniq_maggie, uniq_jeremiah
D:10:     layout_irregular_city, nicolae_hepliaklqana_monster_ancestors,
          overflow_temple_1_default, orc_0_dummy, uniq_grum, uniq_psyche
D:11:     layout_irregular_city, erik_lair_island, zin_scriptorium
Temple:   chequers_temple_sunken
Lair:1:   layout_loops_ring, serial_bayou_shore_b
Lair:2:   layout_regular_city, spider_nest_entry_webs
Lair:3:   layout_hall_layers, minmay_shoals_entry_hut, gauntlet_entry_generic,
          grunt_megastairs_4
Lair:4:   layout_misc_corridors, slime_entry_1, uniq_snorg
Lair:5:   gammafunk_lair_ancient_temple, layout_loops_ring
Shoals:1: layout_shoals, nicolae_shoals_siren_and_animal_friends

Skill      XL: |  1  2  3  4  5  6  7  8  9 10 11 12 13 14 15 16 |
---------------+-------------------------------------------------+-----
Axes           | 2 3 4 5 6 7 9 11 12 14 15 16 17 | 17.0
Fighting       | 4 5 6 7 8 9 10 11 12 13 | 13.3
Armour         | 4 5 6 7 8 9 10 12 13 | 13.4
Stealth        | 1 |  1.5
Invocations    | 3 5 7 9 |  9.9
Shields        | 4 6 8 |  8.8
Dodging        | |  0.2
Unarmed Combat | |  0.2

Action                     |  1- 3 |  4- 6 |  7- 9 | 10-12 | 13-15 | 16-18 || total
---------------------------+-------+-------+-------+-------+-------+-------++-------
  Melee: War axe           |    94 |   151 |   269 |   196 |       |       ||   710
         Unarmed           |       |    10 |       |       |       |       ||    10
         Battleaxe         |       |       |       |   234 |       |       ||   234
         Broad axe         |       |       |       |    18 |   388 |   124 ||   530
 Invoke: Heroism           |       |       |       |     6 |     8 |     2 ||    16
         Finesse           |       |       |       |     1 |     6 |     1 ||     8
         Receive Weapon    |       |       |       |     1 |       |       ||     1
         Receive Armour    |       |       |       |     1 |       |       ||     1
         Duel              |       |       |       |       |       |     1 ||     1
  Evoke: Wand              |       |       |     1 |       |       |       ||     1
    Use: Scroll            |       |     8 |     9 |     8 |     3 |       ||    28
         Potion            |       |       |       |       |     2 |     2 ||     4
   Stab: Distracted        |       |       |       |     1 |       |       ||     1
 Armour: Scale mail        |    69 |   131 |   249 |       |       |       ||   449
         Skin              |       |     1 |       |       |       |       ||     1
         Ring mail         |       |       |    81 |   221 |       |       ||   302
         Plate armour      |       |       |       |   215 |       |       ||   215
         Crystal plate arm |       |       |       |    67 |   383 |   170 ||   620
  Dodge: Dodged            |    59 |   113 |   230 |   212 |    68 |    41 ||   723
         Repelled          |       |       |       |     1 |       |     3 ||     4
  Block: Buckler           |     5 |       |       |       |    33 |    38 ||    76

Table legend: (Time is in decaauts)
 A = Elapsed time spent in this place.
 B = Non-inter-level travel time spent in this place.
 C = Inter-level travel time spent in this place.
 D = Time resting spent in this place.
 E = Time spent auto-exploring this place.
 F = Levels seen in this place.
 G = Mean time per level.
                   A        B        C        D        E       F      G
               +--------+--------+--------+--------+--------+-----+--------+
         Total |  16074 |  15317 |    757 |     94 |  10474 |  21 |  765.4 |
       Dungeon |  10001 |   9439 |    562 |     12 |   6165 |  11 |  909.2 |
        Temple |     46 |     46 |      0 |      0 |      0 |   1 |   46.0 |
          Lair |   4532 |   4338 |    194 |      3 |   3470 |   5 |  906.4 |
        Shoals |    515 |    515 |      0 |      0 |    366 |   1 |  515.0 |
         Sewer |    300 |    300 |      0 |      0 |    156 |   1 |  300.0 |
      Gauntlet |    656 |    656 |      0 |     79 |    300 |   1 |  656.0 |
         Arena |     22 |     22 |      0 |      0 |     16 |   1 |   22.0 |
               +--------+--------+--------+--------+--------+-----+--------+

Top non-repeatable levels by time:
     D:4: 1496 daAuts
     D:9: 1231 daAuts
     D:3: 1090 daAuts
     D:6: 1012 daAuts
  Lair:3: 1006 daAuts
  Lair:2: 970 daAuts
     D:7: 900 daAuts
  Lair:1: 876 daAuts
  Lair:5: 849 daAuts
  Lair:4: 829 daAuts
    D:11: 796 daAuts
    D:10: 759 daAuts
     D:5: 721 daAuts
     D:8: 698 daAuts
     D:2: 672 daAuts
